AoeStats
← 联通专业户

Northern Isles

510291159Analyzed
1v1 RM · 1d ago on Sep 30, 2026· 32m 51s· 2 players
Game mode
Random Map
Map size
Tiny (2 player)
Population
200
Speed
Normal
Resources
Standard
Victory
Conquest
Starting age
Dark Age
Ending age
Imperial Age
RankedLock teamsTeams togetherTeam positionsShared explorationLock speedFull tech treeHidden civsTurbo modeCheats
Victory
Defeat
🇬🇧 Wu · United Kingdom
1154
+17
🇨🇳 Chinese · China
1173
-17
Pompom
12:10 Feudal Age
15:50 Castle Age
16:04 Loom
16:05 Double-Bit Axe
17:16 Scale Mail Armor
17:27 Forging
18:20 Chain Mail Armor
18:20 Bow Saw
18:24 Man-at-Arms
19:05 Squires
25:30 Arson
28:27 Fletching
联通专业户
0:28 Loom
12:13 Feudal Age
13:00 Double-Bit Axe
14:30 Wheelbarrow
18:45 Castle Age
17:17 Gold Mining
18:21 Forging
19:43 Bow Saw
19:46 Medium Warships
21:03 Horse Collar
27:47 Stone Mining
28:40 Man-at-Arms
34:26 Imperial Age
32:59 Hand Cart
Connection lost

Rejoining the realm…

Still unreachable

The connection could not be restored.

Session expired

The server has moved on; the page needs a fresh start.